 Dungeon Crawl Stone Soup version 0.32-a0-551-g4936369 (webtiles) character file.

Game seed: 9773084501471202108

282 PicaresqueIRL the Sneak (level 6, -3/32 HPs)
             Began as a Gargoyle Earth Elementalist on Feb 29, 2024.
             Was an Initiate of Uskayaw.
             Slain by Crazy Yiuf
             ... wielding a +3 quarterstaff of chaos
              (12 damage)
             ... on level 2 of the Dungeon.
             The game lasted 00:03:25 (1744 turns).

PicaresqueIRL the Sneak (GrEE)                      Turns: 1744, Time: 00:03:26

Health: -3/32      AC:  7    Str: 11    XL:     6   Next: 28%
Magic:  6/9        EV: 11    Int: 23    God:    Uskayaw [......]
Gold:   81         SH:  0    Dex:  8    Spells: 8/9 levels left

rFire   + . .        a - +2 short sword (venom)
rCold   . . .        (no shield)
rNeg    + . .        c - +0 robe
rPois   ∞            (no helmet)
rElec   +            (no cloak)
rCorr   .            e - +0 pair of gloves
SInv    .            (no boots)
Will    .....        (no amulet)
Stlth   +++          j - ring "Nexkumo" {rF+ Int+5 Dex-2}
HPRegen 0.25/turn    (no ring)
MPRegen 0.11/turn

%: no passive effects
@: no status effects
A: sickness immunity, AC +4, negative energy resistance 1, electricity
resistance, torment resistance 1, petrification resistance
a: Renounce Religion


You were on level 2 of the Dungeon.
You worshipped Uskayaw.
Uskayaw was noncommittal.
You visited 1 branch of the dungeon, and saw 2 of its levels.

You collected 107 gold pieces.
You spent 26 gold pieces at shops.

Inventory:

Hand Weapons
 a - a +2 short sword of venom (weapon)
Armour
 c - a +0 robe (worn)
 e - a +0 pair of gloves (worn)
Jewellery
 j - the ring "Nexkumo" (left hand) {rF+ Int+5 Dex-2}
   (You found it on level 2 of the Dungeon)

   [ring of protection from fire]

   Int+5:     It affects your intelligence (+5).
   Dex-2:     It affects your dexterity (-2).
   rF+:       It protects you from fire.
 l - the amulet of Secrets {Spirit rN+ Dex+3}
   (You found it on level 2 of the Dungeon)

   [amulet of guardian spirit]

   Spirit:    It causes incoming damage to be divided between your reserves of
   health and magic.
   Dex+3:     It affects your dexterity (+3).
   rN+:       It protects you from negative energy.
Scrolls
 d - a scroll of identify
 f - a scroll of poison {unknown}
 g - a scroll of immolation {unknown}
 i - a scroll of revelation {unknown}
Potions
 b - a potion of magic
 h - a potion of invisibility
 k - a potion of haste
 m - a potion of attraction


   Skills:
 - Level 1.5 Dodging
 - Level 6.0 Stealth
 - Level 2.0 Spellcasting
 - Level 1.1 Conjurations
 + Level 6.0 Earth Magic


You had 8 spell levels left.
You knew the following spells:

 Your Spells              Type           Power      Damage    Failure   Level
a - Sandblast             Erth           60%        2d14      1%          1

Your spell library contained the following spells:

 Spells                   Type           Power      Damage    Failure   Level
 Passwall                 Erth           30%        N/A       3%          3
 Stone Arrow              Conj/Erth      36%        3d9       9%          3
 Jinxbite                 Hex            4%         N/A       19%         2
 Brom's Barrelling Bould  Conj/Erth      18%        2d4       30%         4
 Petrify                  Alch/Erth      16%        N/A       36%         4
 Yara's Violent Unravell  Hex/Alch       1%         3d3       98%         5
 Enfeeble                 Hex            1%         N/A       100%        7


Dungeon Overview and Level Annotations

Branches:
Dungeon (2/15) Zot: 10228

Altars:
Uskayaw

Shops:
D:1 ?

Annotations:
D:2 Crazy Yiuf


Innate Abilities, Weirdness & Mutations

You are immune to sickness and miasma.
Your stone body is resilient. (AC +4)
You are immune to poison.
You resist negative energy. (rN+)
You are resistant to electric shocks. (rElec)
You are resistant to unholy torment.
You are immune to petrification.


Message History

You have reached level 6!
You gain 3 HP, and have [18/32] HP; You lose 3MP, and have [0/9] MP
Found a hammer.
Found a runed translucent door.
HP Full. (32); MP Full (9) No target in view!
Crazy Yiuf shouts!
You open the door.
Crazy Yiuf grits, "Shower King blue!"
Casting: Sandblast (safe; 1% risk of failure)
Confirm with . or Enter, or press ? or * to list all spells.
Aiming: Sandblast (safe; 1% risk of failure)
Press: ? - help, Shift-Dir - straight line, f - Crazy Yiuf
Aim: Crazy Yiuf, wielding a +3 quarterstaff of chaos and wearing a +0 cloak (86% to hit)
Okay, then.
Unknown command.
You hit Crazy Yiuf but do no damage.
Crazy Yiuf is poisoned.
Crazy Yiuf hits you with a +3 quarterstaff of chaos.
You convulse.
You take 7 HP, and have [25/32] HP !!!!!
HP Warning !!!!!
You barely miss Crazy Yiuf.
Crazy Yiuf hits you with a +3 quarterstaff of chaos!
Crazy Yiuf freezes you.
* * * LOW HITPOINT WARNING * * *
You take 16 HP, and have [9/32] HP !!!!!
HP Warning !!!!!
Casting: Sandblast (safe; 1% risk of failure)
Confirm with . or Enter, or press ? or * to list all spells.
Aiming: Sandblast (safe; 1% risk of failure)
Press: ? - help, Shift-Dir - straight line, f - Crazy Yiuf
Aim: Crazy Yiuf, wielding a +3 quarterstaff of chaos and wearing a +0 cloak (poisoned, 86% to hit)
Okay, then.
Okay, then.
Okay, then.
You stomp with the beat, sending a shockwave through the revellers around you!
Crazy Yiuf is moderately wounded.
You can no longer stomp with the beat.
Crazy Yiuf hits you with a +3 quarterstaff of chaos!
You die...
Your body falls in perfect tune with the rhythm.

#....######.........
##..## #.#######.
♣...)♣ #.#.......
♣...♣♣ #.#.....#.
♣♣.♣♣ ###.#####.#.
♣.♣♣ #.....# #.#.
♣♣.♣ #.....###.#.
♣.♣♣ #.........#.
♣♣@♣ #.....##....
#g# #.....##.... ...
#..#####.... #...#
#..# #(... #÷.)#
#..#####.... #####
#.....##....
#.....##....
########.....##....
#..............†...


You could see Crazy Yiuf (poisoned).

Vanquished Creatures
  Sigmund (D:2)
  Natasha (twice) (D:2)
  3 adders (D:2)
  A dart slug (D:1)
  A ribbon worm (D:2)
  A ball python (D:1)
  2 endoplasms
  2 giant cockroaches
  4 goblins
  7 hobgoblins
  7 kobolds
  A quokka (D:1)
  A bat (D:2)
  5 frilled lizards
  3 rats
41 creatures vanquished.

Notes
Turn   | Place    | Note
-------+----------+-------------------------------------------
     0 | D:1      | PicaresqueIRL the Gargoyle Earth Elementalist began the
                  | quest for the Orb.
     0 | D:1      | Reached XP level 1. HP: 10/10 MP: 3/3
   215 | D:1      | Reached XP level 2. HP: 15/15 MP: 0/5
   450 | D:1      | Found Gurion's Magic Scroll Emporium.
   459 | D:1      | Bought a scroll of identify for 26 gold pieces
   486 | D:1      | Found a faded altar of an unknown god.
   679 | D:1      | Reached XP level 3. HP: 19/19 MP: 4/6
   942 | D:1      | Prayed at the altar of an unknown god.
   942 | D:1      | Became a worshipper of Uskayaw the Reveller
   942 | D:1      | Reached * piety under Uskayaw
   993 | D:2      | Reached ** piety under Uskayaw
  1088 | D:2      | Identified the ring "Nexkumo" {rF+ Int+5 Dex-2}
  1316 | D:2      | Reached XP level 4. HP: 24/24 MP: 5/7
  1391 | D:2      | Identified the amulet of Secrets {Spirit rN+ Dex+3}
  1506 | D:2      | Noticed Natasha
  1512 | D:2      | Killed Natasha
  1617 | D:2      | Noticed Natasha
  1620 | D:2      | Killed Natasha
  1621 | D:2      | Reached skill level 5 in Stealth
  1621 | D:2      | Reached XP level 5. HP: 28/28 MP: 6/8
  1650 | D:2      | Noticed Sigmund
  1657 | D:2      | Killed Sigmund
  1658 | D:2      | Reached XP level 6. HP: 18/32 MP: 0/9
  1737 | D:2      | Found a runed translucent door.
  1738 | D:2      | Noticed Crazy Yiuf
  1744 | D:2      | Slain by Crazy Yiuf

Illustrated notes

Levels and vault maps discovered:
D:1:      tarquinn_simple_flora_water_f, layout_basic,
          ebering_ecumenical_altar_box, serial_shops, shop_statue,
          serial_forest, infiniplex_forest_clump_double,
          infiniplex_forest_clump_small, infiniplex_forest_clump_large,
          infiniplex_forest_clump_large, infiniplex_forest_end_3
D:2:      layout_basic, minmay_pentomino_r2, uniq_crazy_yiuf_cottage,
          uniq_natasha, uniq_sigmund

Skill      XL: |  1  2  3  4  5 |
---------------+----------------+-----
Stealth        | 3 4 5 6 |  6.0
Earth Magic    | 4 6 |  6.0
Dodging        | |  1.5
Spellcasting   | |  2.0
Conjurations   | |  1.1

Action                     |  1- 3 |  4- 6 || total
---------------------------+-------+-------++-------
  Melee: Unarmed           |     2 |       ||     2
         Short sword       |    54 |     4 ||    58
   Cast: Sandblast         |    42 |    12 ||    54
 Invoke: Stomp             |       |     3 ||     3
    Use: Scroll            |     1 |     2 ||     3
   Stab: Sleeping          |       |     1 ||     1
 Armour: Robe              |     9 |     9 ||    18
  Dodge: Dodged            |     3 |     1 ||     4

Table legend: (Time is in decaauts)
 A = Elapsed time spent in this place.
 B = Non-inter-level travel time spent in this place.
 C = Inter-level travel time spent in this place.
 D = Time resting spent in this place.
 E = Time spent auto-exploring this place.
 F = Levels seen in this place.
 G = Mean time per level.
                   A        B        C        D        E       F      G
               +--------+--------+--------+--------+--------+-----+--------+
         Total |   1770 |   1672 |     98 |      0 |   1364 |   2 |  885.0 |
       Dungeon |   1770 |   1672 |     98 |      0 |   1364 |   2 |  885.0 |
               +--------+--------+--------+--------+--------+-----+--------+

Top non-repeatable levels by time:
     D:1: 964 daAuts
     D:2: 806 daAuts
